 Dungeon Crawl Stone Soup version 0.25-a0-292-gaa31f046c4 (webtiles) character file.

Game seed: 7046658578892930219, levelgen mode: deterministic

4271 CheeseeCupcake the Basher (level 10, -9/64 HPs)
             Began as a Gargoyle Fighter on Dec 15, 2019.
             Was an Initiate of Trog.
             Collided with a rock wall (16 damage)
             ... caused by Erica
             ... on level 8 of the Dungeon.
             The game lasted 00:34:19 (8741 turns).

CheeseeCupcake the Basher (Gargoyle Fighter)        Turns: 8741, Time: 00:34:19

Health: -9/64      AC: 22    Str: 28    XL:     10   Next: 31%
Magic:  10/10      EV:  8    Int:  9    God:    Trog [......]
Gold:   361        SH: 13    Dex:  9    Spells: 9/9 levels left

rFire    . . .     SeeInvis +   a - +3 flail (protect)
rCold    . . .     Gourm    .   c - +1 shield
rNeg     + . .     Faith    .   b - +0 scale mail
rPois    ∞         Spirit   .   (no helmet)
rElec    +         Reflect  .   (no cloak)
rCorr    .         Harm     .   v - +0 pair of gloves
MR       +....                  (no boots)
Stlth    ..........             p - amulet of the acrobat
HPRegen  0.20/turn              h - ring of see invisible
MPRegen  0.12/turn              q - ring of protection from magic

@: mighty, protection aura
A: negative energy resistance 1, electricity resistance, unbreathing,
petrification resistance, rot immunity, AC +7
a: Renounce Religion


You were on level 8 of the Dungeon.
You worshipped Trog.
Trog was noncommittal.
You were not hungry.

You visited 1 branch of the dungeon, and saw 8 of its levels.
You also visited: Sewer.

You collected 361 gold pieces.

Inventory:

Hand Weapons
 a - a +3 flail of protection (weapon)
 e - a +2 whip of pain
Missiles
 k - 141 stones (quivered)
Armour
 b - a +0 scale mail (worn)
 c - a +1 shield (worn)
 v - a +0 pair of gloves (worn)
Jewellery
 h - a ring of see invisible (left hand)
 p - an amulet of the acrobat (around neck)
 q - a ring of protection from magic (right hand)
 B - an uncursed ring of positive energy {unknown}
Wands
 y - a wand of acid (11)
Scrolls
 i - a scroll of enchant armour
 j - 3 scrolls of remove curse
 l - 7 scrolls of teleportation
 m - 3 scrolls of magic mapping
 n - a scroll of identify
 r - 2 scrolls of fear
 s - a scroll of fog {unknown}
 t - a scroll of holy word {unknown}
Potions
 d - 3 potions of might
 g - 2 potions of resistance
 u - a potion of magic {unknown}
 w - a potion of mutation {unknown}
 x - 2 potions of curing
 z - 2 potions of agility {unknown}
 A - a potion of lignification {unknown}
 D - a potion of degeneration {unknown}
Comestibles
 f - 14 rations
 C - a chunk of flesh


   Skills:
 - Level 8.2 Fighting
 * Level 10.8 Maces & Flails
 - Level 3.2 Armour
 + Level 8.9 Shields


You had 9 spell levels left.
You didn't know any spells.
Your spell library was empty.

Dungeon Overview and Level Annotations

Branches:
Dungeon (8/15)             Temple (0/1) D:6           Sewer (visited)
   Lair: D:8-11

Altars:
Cheibriados
Fedhas
Trog
Vehumet

Annotations:
D:8 Erica


Innate Abilities, Weirdness & Mutations

You are resistant to torment.
Your stone body is resilient. (AC +7)
You are immune to poison.
You resist negative energy. (rN+)
You are resistant to electric shocks. (rElec)
You can survive without breathing.
You are immune to petrification.
You are immune to rotting.


Message History

The orc priest mumbles some strange prayers to Beogh against you.
Beogh smites you!
You sock Erica!
Erica is almost dead.
You block Erica's attack.
The orc priest invokes the aid of Beogh against you.
You easily resist.
You barely miss Erica.
Erica is almost dead.
Erica gestures wildly while chanting.
Erica flickers and vanishes for a moment.
Your shield and scale mail prevent you from hitting Erica.
Erica is almost dead.
You block the orc priest's attack. Erica casts a spell at you.
The lance of force hits you!
* * * LOW HITPOINT WARNING * * *
You are knocked back by the lance of force.
You slam into the rock wall!
You die...

...$ ...
## .. ...
.### ....
#..##...!.
#.........
#|[#
###†.##
#.##.@o..#
#.....@..#
##......##
#..∩.).#
#.....)#
#......#
###....#
######


You could see Erica (invisible) and an orc priest.

Vanquished Creatures
  Joseph (D:7)
  Prince Ribbit (D:7)
  Sigmund (D:4)
  A wyvern (D:8)
  Grum (D:7)
  Menkaure (D:7)
  2 wargs
  An acid dragon (D:7)
  Duvessa (D:7)
  A black bear (D:8)
  Purgy (D:4)
  2 sky beasts (D:7)
  3 ogres
  A phantom (D:4)
  2 wolves (D:7)
  A centaur (D:7)
  5 bullfrogs
  Dowan (D:7)
  5 wights
  A bullfrog zombie (D:4)
  A crimson imp (D:6)
  5 hounds
  3 orc priests
  A jelly (D:7)
  Ijyb (D:3)
  Terence (D:3)
  An iguana (D:5)
  8 orc wizards
  6 worker ants
  2 killer bee zombies (D:7)
  A bullfrog simulacrum (D:8)
  2 mummies
  A howler monkey zombie (D:8)
  4 gnolls
  3 howler monkey skeletons
  11 adders
  4 river rats
  2 shadow imps
  A white imp (D:7)
  2 oozes
  6 worms
  A dart slug (D:1)
  4 leopard geckos
  20 orcs
  8 giant cockroaches
  7 goblins
  7 hobgoblins
  4 jackals
  12 kobolds
  3 quokkas
  5 ball pythons
  7 bats
  6 frilled lizards
  3 leopard gecko skeletons
  A quokka zombie (D:5)
  11 rats
198 creatures vanquished.

Vanquished Creatures (others)
  A plant (D:8)
  A withered plant (D:7)
2 creatures vanquished.

Grand Total: 200 creatures vanquished

Notes
Turn   | Place    | Note
-------+----------+-------------------------------------------
     0 | D:1      | CheeseeCupcake the Gargoyle Fighter began the quest for the
                  | Orb.
     0 | D:1      | Reached XP level 1. HP: 14/14 MP: 1/1
   129 | D:1      | Reached XP level 2. HP: 18/19 MP: 2/2
   525 | D:1      | Reached XP level 3. HP: 22/23 MP: 3/3
   664 | D:2      | Reached skill level 3 in Maces & Flails
   686 | D:2      | Reached XP level 4. HP: 29/29 MP: 4/4
  1532 | D:3      | Reached XP level 5. HP: 25/33 MP: 5/5
  1623 | D:3      | Noticed Terence
  1630 | D:3      | Noticed Ijyb
  1646 | D:3      | Paralysed by Ijyb for 4 turns
  1650 | D:3      | Killed Terence
  1650 | D:3      | Reached skill level 4 in Maces & Flails
  1661 | D:3      | Killed Ijyb
  2016 | D:3      | Found a snail-covered altar of Cheibriados.
  2019 | D:3      | Found a blossoming altar of Fedhas.
  2249 | D:3      | Reached XP level 6. HP: 36/39 MP: 6/6
  2398 | D:4      | Reached skill level 5 in Maces & Flails
  2500 | D:4      | Noticed a phantom
  2521 | D:4      | Killed a phantom
  2521 | D:4      | Reached skill level 5 in Fighting
  2521 | D:4      | Reached skill level 5 in Shields
  2521 | D:4      | Reached XP level 7. HP: 34/44 MP: 7/7
  2599 | D:4      | Noticed Sigmund
  2617 | D:4      | Killed Sigmund
  2810 | D:4      | Reached skill level 6 in Maces & Flails
  3513 | D:4      | Noticed Purgy
  3538 | D:4      | Killed Purgy
  3538 | D:4      | Reached XP level 8. HP: 38/51 MP: 8/8
  4012 | D:5      | Entered Level 5 of the Dungeon
  4183 | D:5      | Found a bloodstained altar of Trog.
  4324 | D:5      | Reached skill level 7 in Maces & Flails
  4771 | D:6      | Found a staircase to the Ecumenical Temple.
  4996 | D:6      | Found a glowing drain.
  5000 | Sewer    | Entered a sewer
  5809 | D:7      | Noticed Joseph
  5851 | D:7      | Noticed Menkaure
  5851 | D:7      | Noticed Prince Ribbit
  5859 | D:6      | Reached skill level 8 in Maces & Flails
  5862 | D:6      | Reached XP level 9. HP: 56/56 MP: 9/9
  6333 | D:7      | Killed Menkaure
  6594 | D:7      | Killed Prince Ribbit
  6594 | D:7      | Reached skill level 9 in Maces & Flails
  6821 | D:7      | Found a radiant altar of Vehumet.
  7096 | D:7      | Killed Joseph
  7302 | D:7      | Noticed Dowan
  7303 | D:7      | Noticed Duvessa
  7333 | D:7      | Killed Duvessa
  7342 | D:7      | Killed Dowan
  7571 | D:5      | Became a worshipper of Trog the Wrathful
  7657 | D:8      | Noticed Erica
  8260 | D:7      | Reached skill level 10 in Maces & Flails
  8260 | D:7      | Reached XP level 10. HP: 47/64 MP: 10/10
  8664 | D:8      | Noticed Grum
  8694 | D:7      | Killed Grum
  8741 | D:8      | Collided with a rock wall

Levels and vault maps discovered:
D:1:      zaba_arrival_water, layout_rooms
D:2:      layout_basic, nrook_campfire
D:3:      layout_basic, chequers_temple_overflow_statue_of_worship, uniq_ijyb,
          uniq_terence
D:4:      layout_basic, first_ration, minmay_manual_moon, uniq_purgy,
          uniq_sigmund
D:5:      layout_loops_ring, nicolae_overflow_hidden_temple
D:6:      layout_basic, minmay_temple_entry_mini_moons, gup_sewer_entry_spiral
D:7:      layout_basic, kennysheep_little_box, serial_undead, serial_undead_c,
          serial_undead_a, serial_undead_f, serial_undead_a, serial_undead_b,
          uniq_joseph, uniq_duvessa, uniq_menkaure, uniq_prince_ribbit1
D:8:      layout_gridville, erik_lair_orcish_takeover, enter_bailey_6,
          serial_ice, serial_ice_l, serial_ice_a, serial_ice_d, serial_ice_c,
          serial_shops, nicolae_shop_overgrown_old_shop, uniq_harold, uniq_grum,
          uniq_erica

Skill      XL: |  1  2  3  4  5  6  7  8  9 |
---------------+----------------------------+-----
Maces & Flails | 3 4 5 6 8 10 | 10.8
Fighting       | 4 5 6 8 |  8.2
Shields        | 4 5 6 8 |  8.9
Armour         | |  3.2

Action                   |  1- 3 |  4- 6 |  7- 9 | 10-12 || total
-------------------------+-------+-------+-------+-------++-------
Melee: Flail             |    93 |   213 |   546 |    92 ||   944
Throw: Stone             |       |       |    14 |     1 ||    15
  Use: Scroll            |       |       |    10 |       ||    10
       Potion            |       |       |     1 |     2 ||     3
  Eat: Chunk             |       |     6 |     4 |       ||    10
       Ration            |       |       |     5 |       ||     5
Armor: Scale mail        |    69 |   129 |   276 |    50 ||   524
Dodge: Dodged            |    33 |    61 |   168 |    53 ||   315
Block: Shield            |    60 |   120 |   326 |    79 ||   585

Table legend:
 A = Non-vault XP
 B = Vault XP
 C = Vault XP percentage of total XP
 D = Non-vault monster count
 E = Vault monster count
 F = Vault count percentage of total count
                 A         B        C        D         E       F
            +---------+---------+-------+---------+---------+-------
      Total |    3316 |    2786 |  45.7 |     142 |      56 |  28.3
            +---------+---------+-------+---------+---------+-------
        D:1 |      38 |       0 |   0.0 |      22 |       0 |   0.0
        D:2 |      66 |       0 |   0.0 |      15 |       0 |   0.0
        D:3 |     203 |     115 |  36.2 |      26 |       3 |  10.3
        D:4 |     590 |     438 |  42.6 |      26 |       4 |  13.3
        D:5 |      99 |       0 |   0.0 |       7 |       0 |   0.0
        D:6 |     789 |      49 |   5.8 |      19 |       8 |  29.6
        D:7 |     972 |    1850 |  65.6 |      19 |      14 |  42.4
        D:8 |     559 |     236 |  29.7 |       8 |       5 |  38.5
      Sewer |       0 |      98 | 100.0 |       0 |      22 | 100.0
            +---------+---------+-------+---------+---------+-------
